 Dungeon Crawl Stone Soup version 0.19-a0-1490-g5dd3618 (webtiles) character file.

1260 Elitist the Changer (level 8, -4/48 HPs)
             Began as a Deep Elf Transmuter on Sept 8, 2016.
             Was an Initiate of Makhleb.
             Hit by a tomahawk thrown by an orc warrior (18 damage)
             ... on level 6 of the Dungeon.
             The game lasted 00:20:50 (8847 turns).

Elitist the Changer (Deep Elf Transmuter)           Turns: 8847, Time: 00:20:51

Health: -4/48      AC:  2    Str:  9    XL:     8   Next: 27%
Magic:  11/16      EV: 21    Int: 19    God:    Makhleb [......]
Gold:   76         SH:  0    Dex: 23    Spells: 5 memorised, 1 level left

rFire  . . .     SeeInvis .       - Unarmed
rCold  . . .     Gourm    .     (armour currently unavailable)
rNeg   . . .     Faith    .     (shield currently unavailable)
rPois  x         Spirit   .     (helmet currently unavailable)
rElec  .         Dismiss  .     (cloak currently unavailable)
rCorr  .         Reflect  .     (gloves currently unavailable)
MR     .....     Harm     .     (boots currently unavailable)
Stlth  ++........               (no amulet)
                                i - ring of flight
                                j - +3 ring of dexterity

@: spider-form, very slightly contaminated
A: (large bone plates 0), (molten scales 0), evolution 1
a: End Transformation, Renounce Religion, Evoke Flight


You were on level 6 of the Dungeon.
You worshipped Makhleb.
Makhleb was noncommittal.
You were not hungry.
You were a venomous arachnid creature.
You visited 2 branches of the dungeon, and saw 7 of its levels.

You collected 192 gold pieces.
You spent 116 gold pieces at shops.

Inventory:

Missiles
 a - 66 arrows
 F - 5 tomahawks (quivered)
Armour
 b - a +0 robe
 k - a +0 leather armour (melded)
 y - a +2 pair of gloves (melded)
 C - a +0 pair of boots (melded)
 G - a +0 helmet
Jewellery
 i - a ring of flight (right front leg)
 j - a +3 ring of dexterity (left front leg)
Wands
 q - a wand of flame (13/48)
 u - a wand of random effects (44/48)
 J - a wand of flame (19/48)
Scrolls
 e - 3 scrolls of amnesia
 h - 2 scrolls of remove curse
 n - 6 scrolls of identify
 s - a scroll of teleportation
 v - 2 scrolls of magic mapping
 x - a scroll of fear
 z - a scroll of fog
 B - a scroll of enchant armour
 D - a scroll of recharging
Potions
 f - 2 potions of cure mutation
 g - a potion of brilliance
 m - a potion of cancellation
 o - 2 potions of agility
 p - a potion of invisibility
 A - a potion of haste {unknown}
 E - a potion of mutation {unknown}
Books
 c - a book of Changes

   Spells                             Type                      Level
   a - Beastly Appendage              Transmutation                1
   b - Sticks to Snakes               Transmutation                2
   c - Spider Form                    Transmutation/Poison         3
   d - Ice Form                       Ice/Transmutation            4
   e - Blade Hands                    Transmutation                5
 t - Sif Muna's Disquisition on Conjuration
   (You found it on level 3 of the Dungeon)

   Spells                             Type                      Level
   a - Sting                          Conjuration/Poison           1
 I - a book of Power

   Spells                             Type                      Level
   a - Fulminant Prism                Conjuration/Hexes            4
   b - Iskenderun's Mystic Blast      Conjuration                  4
   c - Venom Bolt                     Conjuration/Poison           5
   d - Bolt of Magma                  Conjuration/Fire/Earth       5
   e - Iron Shot                      Conjuration/Earth            6
   f - Orb of Destruction             Conjuration                  7
   g - Spellforged Servitor           Conjuration/Summoning        7
Comestibles
 d - 5 bread rations
 l - 7 meat rations
 r - 3 beef jerkies
 w - a royal jelly


   Skills:
 + Level 3.7 Fighting
 - Level 2.4 Dodging
 + Level 4.8 Unarmed Combat
 - Level 4.6 Spellcasting
 * Level 6.5 Transmutations
 + Level 2.9 Ice Magic
 - Level 2.0 Poison Magic


You had one spell level left.
You knew the following spells:

 Your Spells              Type           Power        Failure   Level  Hunger
a - Beastly Appendage     Tmut           ####..       4%          1    None
b - Sticks to Snakes      Tmut           ####....     6%          2    #......
c - Spider Form           Tmut/Pois      ###.......   24%         3    ###....
d - Ice Form              Ice/Tmut       ###.....     41%         4    ####...
e - Blade Hands           Tmut           ####......   50%         5    ######.


Dungeon Overview and Level Annotations

Branches:
Dungeon (6/15)             Temple (1/1) D:5

Altars:
Ashenzari
Cheibriados
Dithmenos
Elyvilon
Fedhas
Gozag
Hepliaklqana
Kikubaaqudgha
Makhleb
Nemelex Xobeh
Okawaru
Qazlal
Ru
Sif Muna
Trog
Uskayaw
Vehumet
Xom
Yredelemnul
Zin
The Shining One

Shops:
D:4 ?*   D:5 (

Annotations:
D:4 Blork the orc


Innate Abilities, Weirdness & Mutations

((You are partially covered in large bone plates. (SH +4)))
((You are partially covered in molten scales. (AC +2)))
You evolve.


Message History

The orc wizard points at you and mumbles some strange words.
The magic dart hits you!
A gnoll and a gnoll shaman come into view.
An orc comes into view. It is wielding a whip.
A gnoll comes into view. It is wielding a flail.
The orc shouts!
The gnoll shaman shouts!
You hit the orc warrior but do no damage.
The orc warrior is poisoned.
The orc warrior closely misses you.
The orc warrior throws a tomahawk.
The tomahawk barely misses you.
A gnoll comes into view. It is wielding a club.
The gnoll shouts!
The orc warrior hits you with a morningstar of protection!!
* * * LOW HITPOINT WARNING * * *
The gnoll moves out of view.
You hit the orc warrior but do no damage.
The orc warrior looks as sick as possible!
The orc warrior is lightly wounded.
The orc warrior throws a tomahawk.
The tomahawk hits you!!
You die...

## #...# #... ....
##.. #### #.$.
.....
######..#####o.....
.....(...s.ogo.....
#####((#####og.#..
#...# ..g.. # #.#.#
.#.. #.#####.#.## #
. #.......#..#
#.##.....#.#
#........#..#
###......##.#


You could see an orc warrior, an orc wizard, 3 gnolls and 2 orcs.

Vanquished Creatures
  A hippogriff (D:6)
  2 ogres
  A sky beast (D:5)
  2 phantoms
  A howler monkey (D:5)
  An orc priest (D:5)
  4 worker ants
  Terence (D:3)
  2 iguanas
  4 orc wizards
  A hound skeleton (D:4)
  A worker ant zombie (D:5)
  4 adders
  2 gnolls
  2 oozes
  A worm (D:3)
  A dart slug (D:4)
  2 giant geckos
  17 orcs
  2 ball pythons
  5 giant cockroaches
  4 hobgoblins (D:3)
  15 jackals
  8 quokkas
  10 bats
  8 giant newts
  10 goblins
  6 kobolds
  A quokka zombie (D:5)
  6 rats
125 creatures vanquished.

Vanquished Creatures (collateral kills)
  A water moccasin (D:4)
  A howler monkey (D:4)
  A crimson imp (D:4)
  2 adders (D:3)
  A bat (D:3)
6 creatures vanquished.

Grand Total: 131 creatures vanquished

Notes
Turn   | Place    | Note
-------+----------+-------------------------------------------
     0 | D:1      | Elitist the Deep Elf Transmuter began the quest for the Orb.
     0 | D:1      | Reached XP level 1. HP: 11/11 MP: 6/6
   170 | D:1      | Reached skill level 1 in Fighting
   423 | D:1      | Reached XP level 2. HP: 16/16 MP: 6/8
  1048 | D:2      | Learned a level 2 spell: Sticks to Snakes
  1519 | D:2      | Reached XP level 3. HP: 19/20 MP: 5/9
  1618 | D:2      | Learned a level 3 spell: Spider Form
  1862 | D:3      | Noticed Terence
  2615 | D:3      | Reached XP level 4. HP: 10/26 MP: 6/10
  2902 | D:3      | Reached skill level 3 in Transmutations
  3661 | D:3      | Killed Terence
  4153 | D:3      | Reached XP level 5. HP: 30/30 MP: 10/12
  4183 | D:3      | Found a deep blue altar of Sif Muna.
  4189 | D:3      | Learned a level 4 spell: Ice Form
  4205 | D:3      | Reached skill level 1 in Poison Magic
  4209 | D:3      | Identified Sif Muna's Disquisition on Conjuration
  4825 | D:4      | Found Holu's Magic Scroll Shoppe.
  4834 | D:4      | Bought a scroll of magic mapping for 45 gold pieces
  4834 | D:4      | Bought a scroll of fear for 45 gold pieces
  4834 | D:4      | Bought a scroll of fog for 26 gold pieces
  4871 | D:4      | Reached XP level 6. HP: 13/36 MP: 14/14
  5092 | D:4      | Found Haenemih's Assorted Antiques.
  5121 | D:4      | Reached skill level 4 in Transmutations
  5276 | D:4      | Noticed Blork the orc
  6238 | D:4      | Noticed a water moccasin
  6246 | D:4      | Killed a water moccasin
  6246 | D:4      | Reached XP level 7. HP: 31/40 MP: 10/15
  6316 | D:4      | Learned a level 5 spell: Blade Hands
  6362 | D:5      | Entered Level 5 of the Dungeon
  6371 | D:5      | Found Huera's Antique Weapon Emporium.
  6488 | D:5      | Found a staircase to the Ecumenical Temple.
  6498 | Temple   | Entered the Ecumenical Temple
  6798 | Temple   | Became a worshipper of Makhleb the Destroyer
  7137 | D:5      | Reached skill level 1 in Ice Magic
  7142 | D:5      | Reached skill level 5 in Transmutations
  7441 | Temple   | Gained mutation: You are partially covered in molten scales. (AC +2) [mutagenic meat]
  7444 | Temple   | Gained mutation: You are partially covered in large bone plates. (SH +4) [mutagenic meat]
  7447 | Temple   | Gained mutation: You evolve. [mutagenic meat]
  8496 | D:6      | Reached skill level 6 in Transmutations
  8496 | D:6      | Reached XP level 8. HP: 46/46 MP: 5/16
  8847 | D:6      | Hit by a tomahawk thrown by an orc warrior

Vault maps used:
D:1:      lemuel_arrival_muddy, kennysheep_decorative_pillar
D:3:      minmay_misc_feat_x, grunt_ministairs_12, led_sif_book, uniq_terence
D:4:      first_bread, serial_shops, shop, nicolae_shop_stone,
          uniq_blork_the_orc
D:5:      serial_shops, kennysheep_mini_moat
Temple:   roderic_octagonal_lattice_temple

Skill      XL: |  1  2  3  4  5  6  7 |
---------------+----------------------+-----
Fighting       | 1 2 3 |  3.7
Unarmed Combat | 3 4 |  4.8
Transmutations | 3 4 6 |  6.5
Poison Magic   | 1 2 |  2.0
Spellcasting   | 4 |  4.6
Ice Magic      | 2 |  2.9
Dodging        | |  2.4

Action                   |  1- 3 |  4- 6 |  7- 9 || total
-------------------------+-------+-------+-------++-------
Melee: Unarmed           |   128 |   255 |   191 ||   574
       Headbutt          |     4 |    14 |    24 ||    42
       Punch             |     1 |     4 |     5 ||    10
       Kick              |     7 |    14 |       ||    21
Throw: Tomahawk          |       |       |     1 ||     1
 Cast: Beastly Appendage |    17 |    16 |    14 ||    47
       Sticks to Snakes  |     3 |    13 |     2 ||    18
       Spider Form       |       |     1 |     3 ||     4
       Ice Form          |       |     1 |     1 ||     2
 Abil: End Transformatio |       |       |     1 ||     1
Evoke: Wand              |       |     2 |       ||     2
  Use: Scroll            |     5 |     5 |     3 ||    13
       Potion            |     1 |     5 |       ||     6
 Stab: Distracted        |       |     4 |       ||     4
  Eat: Chunk             |     4 |    10 |    12 ||    26
       Bread ration      |     1 |       |       ||     1
Armor: Robe              |     8 |       |       ||     8
       Ring mail         |    25 |       |       ||    25
       Leather armour    |     9 |    67 |    46 ||   122
       Skin              |       |     2 |     9 ||    11
Dodge: Dodged            |    98 |   191 |    99 ||   388
Block: Other             |       |       |    16 ||    16
